 Dungeon Crawl Stone Soup version 0.24.0-41-g2ae2f7f1be (webtiles) character file.

Game seed: 10460454894637050806, levelgen mode: deterministic

4279 pachvara the Grappler (level 10, 0/100 HPs)
             Began as a Troll Monk on Dec 13, 2019.
             Was an Elder of Qazlal.
             Killed from afar by a deep elf mage (31 damage)
             ... with a bolt of lightning
             ... in a bailey.
             The game lasted 00:37:41 (5809 turns).

pachvara the Grappler (Troll Monk)                  Turns: 5809, Time: 00:37:41

Health: 0/100      AC:  9    Str: 26    XL:     10   Next: 10%
Magic:  9/9        EV:  9    Int:  6    God:    Qazlal [****..]
Gold:   285        SH: 15    Dex: 12    Spells: 9/9 levels left

rFire    . . .     SeeInvis .     - Unarmed
rCold    . . .     Gourm    +   i - +0 shield
rNeg     + . .     Faith    .   m - +0 robe of Gestures {-Tele rN+ MR+ Str+2}
rPois    +         Spirit   .   (helmet restricted)
rElec    .         Reflect  .   g - +2 cloak
rCorr    +         Harm     .   (gloves unavailable)
MR       +....     NoTele   +   (boots unavailable)
Stlth    +.........             (no amulet)
HPRegen  0.66/turn              o - ring of poison resistance
MPRegen  0.11/turn              n - ring of resist corrosion

@: studying Long Blades, repel missiles
A: large, unfitting armour, claws 3, fast metabolism 3, gourmand, regeneration
1, shaggy fur 1, tough skin 3
a: Upheaval, Elemental Force, Renounce Religion


You were in a bailey.
You worshipped Qazlal.
Qazlal was greatly pleased with you.
You were full.

You visited 2 branches of the dungeon, and saw 8 of its levels.
You also visited: Bailey.

You collected 363 gold pieces.
You spent 78 gold pieces at shops.

Inventory:

Armour
 g - a +2 cloak (worn)
 i - a +0 shield (worn)
 m - the +0 robe of Gestures (worn) {-Tele rN+ MR+ Str+2}
   (You took it off an orc wizard on level 5 of the Dungeon)

   It affects your strength (+2).
   It protects you from negative energy.
   It affects your resistance to hostile enchantments.
   It prevents most forms of teleportation.
Jewellery
 f - an uncursed ring of positive energy
 n - a ring of resist corrosion (right claw)
 o - a ring of poison resistance (left claw)
Wands
 d - a wand of disintegration (11)
Scrolls
 c - 2 scrolls of remove curse
 e - 3 scrolls of teleportation
 l - 2 scrolls of identify
 s - a scroll of fear {unknown}
 t - a scroll of enchant armour {unknown}
Potions
 h - 2 potions of flight
 j - 2 potions of curing
 k - 2 potions of might {unknown}
 p - a potion of mutation {unknown}
 r - 2 potions of lignification
 u - a potion of haste {unknown}
Books
 q - a manual of Long Blades
Comestibles
 b - 6 rations


   Skills:
 + Level 6.6 Fighting
 - Level 2.7 Dodging
 - Level 1.0 Stealth
 + Level 5.8 Shields
 * Level 10.8 Unarmed Combat


You had 9 spell levels left.
You didn't know any spells.
Your spell library contained the following spells:

 Spells                   Type           Power        Failure   Level  Hunger
 Corona                   Hex            #......      67%         1    ##.....
 Ensorcelled Hibernation  Hex/Ice        #.....       82%         2    ###....
 Confuse                  Hex            #.......     96%         3    ####...
 Dazzling Spray           Conj/Hex       #.....       96%         3    ####...
 Tukima's Dance           Hex            #.......     96%         3    ####...


Dungeon Overview and Level Annotations

Branches:
Dungeon (7/15)             Temple (1/1) D:4          Bailey (1/1)

Altars:
Ashenzari
Cheibriados
Dithmenos
Elyvilon
Fedhas
Hepliaklqana
Kikubaaqudgha
Makhleb
Nemelex Xobeh
Okawaru
Qazlal
Ru
Sif Muna
Trog
Uskayaw
Vehumet
Wu Jian
Xom
Yredelemnul
Zin
The Shining One

Shops:
D:4 ?


Innate Abilities, Weirdness & Mutations

You are too large for most types of armour.
You have claws for hands.
Your metabolism is lightning-fast.
You like to eat raw meat.
Your natural rate of healing is unusually fast.
You are covered in fur. (AC +1)
You have extremely tough skin. (AC +3)


Message History

The stone arrow misses you.
The deep elf mage casts a spell.
The deep elf mage blinks!
The deep elf mage hits you with a +0 long sword.
You closely miss the deep elf mage.
The deep elf mage is severely wounded.
The deep elf mage barely misses you.
The deep elf mage is engulfed in blazing flames.
You mangle the deep elf mage!!
You kill the deep elf mage!
Qazlal accepts your kill. You block the deep elf mage's attack.
The deep elf mage gestures at you while chanting.
The bolt of lightning hits you!!
You are too injured to fight recklessly!
You miss the deep elf mage. You block the deep elf mage's attack.
The deep elf mage hits you with a +0 long sword.
The deep elf mage casts a spell at you. The bolt of lightning hits you!!
You die...

##### ###
##...##
##..
#..∩..#
#...
#.....#
#...
##...##
#..##'####
##.○.##
#.e°e.#
#..@.☼#
#.))☼.#
##...§#
#####'#
#.. ..e.
... ..


You could see 3 deep elf magi.

Vanquished Creatures
  Pikel (D:4)
  4 deep elf magi (Bailey)
  An ugly thing (D:6)
  Duvessa (D:4)
  An orc warrior (D:6)
  An ice beast (D:5)
  A sky beast (D:6)
  A slave (D:4)
  An ogre (D:5)
  A big kobold (D:6)
  2 bullfrogs
  Dowan (D:4)
  A scorpion (D:7)
  A howler monkey (D:6)
  2 jellies
  A centaur zombie (D:7)
  A crimson imp (D:5)
  2 orc priests
  A bullfrog skeleton (D:4)
  4 hounds
  5 orc wizards
  A centaur skeleton (D:6)
  Crazy Yiuf (D:4)
  6 worker ants
  2 iguanas (D:6)
  A hell rat (D:5)
  A howler monkey zombie (D:5)
  5 adders
  6 river rats (D:5)
  2 shadow imps (D:5)
  An ooze (D:1)
  An adder zombie (D:6)
  A worm (D:5)
  2 dart slugs
  4 leopard geckos
  22 orcs
  6 bats
  A bat zombie (D:3)
  4 giant cockroaches
  7 goblins
  A hobgoblin (D:3)
  2 jackals (D:5)
  4 quokkas
  6 frilled lizards
  A giant cockroach zombie (D:1)
  A jackal zombie (D:5)
  7 kobolds
  A leopard gecko zombie (D:1)
  2 quokka zombies
  21 rats
  A rat zombie (D:3)
155 creatures vanquished.

Notes
Turn   | Place    | Note
-------+----------+-------------------------------------------
     0 | D:1      | pachvara the Troll Monk began the quest for the Orb.
     0 | D:1      | Reached XP level 1. HP: 22/22 MP: 0/0
    65 | D:1      | Reached XP level 2. HP: 29/29 MP: 1/1
   429 | D:1      | Reached XP level 3. HP: 36/36 MP: 2/2
   592 | D:2      | Found a snail-covered altar of Cheibriados.
  1417 | D:3      | Found a shimmering blue altar of Sif Muna.
  1487 | D:3      | Found a stormy altar of Qazlal.
  1487 | D:3      | Noticed a water elemental
  1489 | D:3      | Noticed a fire elemental
  1489 | D:3      | Noticed an earth elemental
  1489 | D:3      | Noticed an air elemental
  1495 | D:3      | Became a worshipper of Qazlal Stormbringer
  1495 | D:3      | Reached * piety under Qazlal
  1495 | D:3      | Reached ** piety under Qazlal
  1767 | D:3      | Found an ancient bone altar of Kikubaaqudgha.
  1958 | D:4      | Reached skill level 4 in Unarmed Combat
  1958 | D:4      | Reached XP level 4. HP: 35/45 MP: 3/3
  2007 | D:4      | Found a staircase to the Ecumenical Temple.
  2028 | D:4      | Noticed Duvessa
  2029 | D:4      | Noticed Dowan
  2042 | D:4      | Killed Dowan
  2042 | D:4      | Reached skill level 1 in Shields
  2042 | D:4      | Reached XP level 5. HP: 48/53 MP: 4/4
  2104 | D:4      | Killed Duvessa
  2104 | D:4      | Reached skill level 5 in Unarmed Combat
  2158 | D:4      | Reached XP level 6. HP: 60/61 MP: 5/5
  2394 | D:4      | Noticed a slave
  2395 | D:4      | Noticed a slave
  2396 | D:4      | Noticed Pikel
  2397 | D:4      | Noticed a slave
  2397 | D:4      | Noticed a slave
  2402 | D:4      | Killed a slave
  2409 | D:4      | Killed Pikel
  2409 | D:4      | Reached skill level 6 in Unarmed Combat
  2409 | D:4      | Reached XP level 7. HP: 51/70 MP: 6/6
  2446 | D:4      | Found Ykhe Ma Dell's Magic Scroll Shoppe.
  2572 | D:4      | Bought 3 scrolls of identify for 78 gold pieces
  2623 | D:4      | Found an ornate altar of the Wu Jian Council.
  2623 | D:4      | Found a glowing golden altar of the Shining One.
  2980 | D:4      | Found a runed translucent door.
  2980 | D:4      | Noticed Crazy Yiuf
  2989 | D:4      | Killed Crazy Yiuf
  3073 | Temple   | Entered the Ecumenical Temple
  3194 | D:5      | Entered Level 5 of the Dungeon
  3224 | D:5      | Reached skill level 7 in Unarmed Combat
  3236 | D:5      | Found a burning altar of Makhleb.
  3275 | D:5      | Reached XP level 8. HP: 49/79 MP: 7/7
  3642 | D:5      | Reached *** piety under Qazlal
  3695 | D:5      | Identified the +0 robe of Gestures {-Tele rN+ MR+ Str+2}
  3895 | D:5      | Reached skill level 8 in Unarmed Combat
  4021 | D:5      | Reached skill level 5 in Fighting
  4448 | D:5      | Found the +2 ratskin cloak {+Rats rPois rN+ Str-1 Int-1
                  | Dex+1}
  4865 | D:6      | Reached **** piety under Qazlal
  4890 | D:6      | Noticed a purple ugly thing
  4906 | D:6      | Killed a purple ugly thing
  4906 | D:6      | Reached skill level 9 in Unarmed Combat
  4906 | D:6      | Reached XP level 9. HP: 64/88 MP: 8/8
  5032 | D:6      | Found a basalt altar of Yredelemnul.
  5321 | D:6      | Found a sacrificial altar of Ru.
  5323 | D:6      | Found a shimmering altar of Xom.
  5752 | D:7      | Found a flagged portal.
  5763 | Bailey   | Entered a bailey
  5769 | Bailey   | Noticed a deep elf mage
  5782 | Bailey   | Noticed a deep elf mage
  5782 | Bailey   | Noticed a deep elf mage
  5784 | Bailey   | Noticed a deep elf mage
  5785 | Bailey   | Killed a deep elf mage
  5785 | Bailey   | Reached skill level 5 in Shields
  5785 | Bailey   | Reached skill level 10 in Unarmed Combat
  5786 | Bailey   | Noticed a deep elf mage
  5789 | Bailey   | Noticed a deep elf mage
  5794 | Bailey   | Killed a deep elf mage
  5794 | Bailey   | Noticed a deep elf mage
  5806 | Bailey   | Killed a deep elf mage
  5806 | Bailey   | Reached XP level 10. HP: 57/100 MP: 9/9
  5808 | Bailey   | Killed a deep elf mage
  5809 | Bailey   | Killed from afar by a deep elf mage

Levels and vault maps discovered:
D:1:      saegor_arrival_fortress, layout_basic
D:2:      layout_loops_corners, cheibriados_altar_1
D:3:      layout_rooms, nicolae_qazlal_style_of_elements,
          lemuel_zombie_altar_kikubaaqudgha, lemuel_round_altar,
          minmay_misc_feat_nine_boxes, kennysheep_generic_room_4
D:4:      layout_loops_corners, gammafunk_temple_overflow_elements,
          minmay_temple_entry_waves, serial_shops, nicolae_shop_waterfront,
          first_ration, uniq_duvessa, uniq_crazy_yiuf_cottage, uniq_pikel
D:5:      wander_guarded_unrand_ratskin, layout_basic, makhleb_heckhound_becter,
          serial_park_tiny_pond
D:6:      layout_basic, minitemple, kennysheep_mini_moat, minmay_manual_moon
D:7:      layout_cave_pools, nicolae_gozag_cash_rules_everything_around_me,
          enter_bailey_2, lemuel_tele_altar
Temple:   jpeg_temple_clearing
Bailey:   bailey_polearm_3, bailey

Skill      XL: |  1  2  3  4  5  6  7  8  9 |
---------------+----------------------------+-----
Fighting       | 3 4 5 6 |  6.6
Unarmed Combat | 4 5 6 7 9 10 | 10.8
Shields        | 1 2 3 4 5 |  5.8
Dodging        | |  2.7
Stealth        | |  1.0

Action                   |  1- 3 |  4- 6 |  7- 9 | 10-12 || total
-------------------------+-------+-------+-------+-------++-------
Melee: Unarmed           |    98 |    62 |   282 |     3 ||   445
       Punch             |     2 |       |       |       ||     2
  Use: Scroll            |     2 |     1 |    14 |       ||    17
       Potion            |       |     2 |     3 |       ||     5
 Stab: Sleeping          |     5 |       |       |       ||     5
  Eat: Chunk             |    23 |       |    22 |       ||    45
       Ration            |       |       |     3 |       ||     3
Armor: Robe              |    49 |    10 |    48 |       ||   107
       Skin              |       |    19 |       |       ||    19
Dodge: Dodged            |    65 |    11 |    52 |     2 ||   130
Block: Shield            |    24 |    48 |   137 |     2 ||   211
